 Dungeon Crawl Stone Soup version 0.21.1-1-g345015f (webtiles) character file.

107 johnjohn the Caller (level 4, -4/24 HPs)
             Began as a Deep Elf Summoner on June 27, 2018.
             Killed from afar by an orc wizard (11 damage)
             ... with a puff of flame
             ... on level 4 of the Dungeon.
             The game lasted 00:12:55 (3617 turns).

johnjohn the Caller (Deep Elf Summoner)             Turns: 3617, Time: 00:12:55

Health: -4/24      AC:  3    Str:  6    XL:     4   Next: 56%
Magic:  10/12      EV: 13    Int: 20    God:
Gold:   132        SH:  0    Dex: 15    Spells: 5/11 levels left

rFire    . . .     SeeInvis .   i - +2 dagger (venom)
rCold    . . .     Gourm    .   (no shield)
rNeg     . . .     Faith    .   j - +0 robe
rPois    .         Spirit   .   (no helmet)
rElec    .         Reflect  .   (no cloak)
rCorr    .         Harm     .   (no gloves)
MR       +....                  z - +0 pair of boots
Stlth    ++........             (no amulet)
HPRegen  0.08/turn              e - ring of protection from magic
MPRegen  0.13/turn              (no ring)

@: no status effects
A: no striking features
a: no special abilities


You were on level 4 of the Dungeon.
You were hungry.

You visited 1 branch of the dungeon, and saw 4 of its levels.

You collected 132 gold pieces.

Inventory:

Hand Weapons
 i - a +2 dagger of venom (weapon)
 l - a +0 vampiric dagger
Armour
 a - a +0 robe
 j - a +0 robe (worn)
 p - a +0 robe
 r - a cursed +0 robe
 v - a +0 leather armour
 z - a +0 pair of boots (worn)
Jewellery
 e - a ring of protection from magic (left hand)
Scrolls
 d - 2 scrolls of remove curse
 g - a scroll of noise {unknown}
 h - 3 scrolls of identify {unknown}
 k - a scroll of blinking
 o - 2 scrolls of teleportation {unknown}
 q - 2 scrolls of enchant weapon {unknown}
 w - 2 scrolls of amnesia {unknown}
 y - a scroll of enchant armour {unknown}
Potions
 f - a potion of brilliance {unknown}
 m - a potion of might {unknown}
 n - a potion of curing {unknown}
 s - a potion of berserk rage {unknown}
 u - a potion of flight {unknown}
 x - a potion of lignification {unknown}
 A - a potion of ambrosia {unknown}
 B - a potion of resistance {unknown}
Books
 b - a book of Callings

   Spells                             Type                      Level
   a - Summon Small Mammal            Summoning                    1
   b - Call Imp                       Summoning                    2
   c - Call Canine Familiar           Summoning                    3
   d - Summon Guardian Golem          Hexes/Summoning              3
   e - Summon Lightning Spire         Summoning/Air                4
   f - Summon Ice Beast               Ice/Summoning                4
Comestibles
 c - 2 rations
 t - 6 chunks of flesh


   Skills:
 + Level 0.3 Fighting
 * Level 1.6 Short Blades
 - Level 2.4 Dodging
 + Level 3.5 Stealth
 + Level 4.1 Spellcasting
 + Level 5.2 Summonings


You had 5 spell levels left.
You knew the following spells:

 Your Spells              Type           Power        Failure   Level  Hunger
a - Summon Small Mammal   Summ           ####         1%          1    None
b - Call Imp              Summ           ####....     2%          2    #......
c - Call Canine Familiar  Summ           ####....     4%          3    ###....


Dungeon Overview and Level Annotations

Branches:
Dungeon (4/15)
 Temple: D:4-7

Altars:


Message History

Your hound bites the orc.
The orc hits something with a club.
Your hound barely misses the orc wizard.
Something closely misses your hound.
You closely miss the orc wizard.
The orc wizard is heavily wounded.
Your hound barely misses the orc wizard.
The orc wizard barely misses you.
Casting: Call Canine Familiar
Confirm with . or Enter, or press ? or * to list all spells.
A shadowy apparition takes form in the air.
Your hound barely misses the orc wizard.
The orc wizard points at you and mumbles some strange words.
The puff of flame hits you!
* * * LOW HITPOINT WARNING * * *
The orc hits your hound with a club.
Your hound misses the orc wizard.
Your hound bites the orc wizard.
The orc wizard gestures at you while chanting.
The puff of flame hits you!
You die...

#.....# #...#.....+... #.....#
#...#.....#... #.....#
#...#.....#...
#####.....#####'##.....#.##
#.....................##.##
#......>.........>....#..#.
#.....................#..#.
#.....................+..#.
##.....oho.@5..........#..##
#......#################..##
#......# #....... #.....h#
+....... #....).# #.......
##......# #.......
.........###########+###'#####
.............................#
...............................


You could see an orc wizard, an orc, a friendly hound and a friendly shadow imp.

Vanquished Creatures
  A howler monkey skeleton (D:4)
  An ooze (D:2)
  An orc (D:4)
  A ball python (D:3)
  3 giant cockroaches
  6 hobgoblins
  A kobold (D:1)
  2 quokkas
  A bat (D:1)
  6 frilled lizards
  7 rats
30 creatures vanquished.

Vanquished Creatures (collateral kills)
  A worker ant (D:4)
  An orc wizard (D:3)
  4 adders
  A leopard gecko (D:1)
  5 orcs (D:3)
  8 goblins
  3 hobgoblins
  3 jackals (D:3)
  A kobold (D:1)
  A bat (D:1)
28 creatures vanquished.

Grand Total: 58 creatures vanquished

Notes
Turn   | Place    | Note
-------+----------+-------------------------------------------
     0 | D:1      | johnjohn the Deep Elf Summoner began the quest for the Orb.
     0 | D:1      | Reached XP level 1. HP: 10/10 MP: 6/6
   917 | D:1      | Reached XP level 2. HP: 15/15 MP: 5/8
   924 | D:1      | Learned a level 2 spell: Call Imp
  2102 | D:2      | Reached XP level 3. HP: 17/19 MP: 8/10
  2152 | D:2      | Reached skill level 5 in Summonings
  2233 | D:2      | Found a faded altar of an unknown god.
  2943 | D:3      | Reached skill level 1 in Short Blades
  3056 | D:3      | Learned a level 3 spell: Call Canine Familiar
  3097 | D:3      | Reached XP level 4. HP: 22/24 MP: 7/11
  3617 | D:4      | Killed from afar by an orc wizard

Skill      XL: |  1  2  3  4 |
---------------+-------------+-----
Stealth        | 3 |  3.5
Summonings     | 5 |  5.2
Short Blades   | 1 |  1.6
Spellcasting   | 4 |  4.1
Fighting       | |  0.3
Dodging        | |  2.4

Action                   |  1- 3 |  4- 6 || total
-------------------------+-------+-------++-------
Melee: Dagger            |    57 |    26 ||    83
       Unarmed           |     3 |       ||     3
 Cast: Summon Small Mamm |    15 |       ||    15
       Call Imp          |    10 |     3 ||    13
       Call Canine Famil |     1 |     3 ||     4
  Use: Scroll            |     2 |       ||     2
       Potion            |     1 |       ||     1
 Stab: Sleeping          |     5 |     2 ||     7
  Eat: Chunk             |     3 |     2 ||     5
       Ration            |     1 |       ||     1
Armor: Robe              |     5 |     5 ||    10
Dodge: Dodged            |    37 |    13 ||    50
